 Dungeon Crawl Stone Soup version 0.25.1-8-g42b30a86e7 (webtiles) character file.

Game seed: 14165732986118793840

9317 Clowwww the Cleaver (level 11, 0/85 HPs)
             Began as a Demonspawn Fighter on Dec 27, 2020.
             Was a Priest of Trog.
             Slain by an orc warrior
             ... wielding a +0 flail
              (17 damage)
             ... on level 9 of the Dungeon.
             The game lasted 00:23:59 (8673 turns).

Clowwww the Cleaver (Demonspawn Fighter)            Turns: 8673, Time: 00:23:59

Health: 0/85       AC: 22    Str: 19    XL:     11   Next: 21%
Magic:  12/12      EV: 11    Int: 14    God:    Trog [***...]
Gold:   411        SH: 12    Dex: 12    Spells: 10/10 levels left

rFire    . . .     SeeInvis .   a - +1 war axe
rCold    + + .     Gourm    .   c - +2 kite shield
rNeg     + . .     Faith    .   d - +4 ring mail of Hehodil {rF- rC+ rN+ Int+3}
rPois    .         Spirit   .   (no helmet)
rElec    .         Reflect  .   l - +0 cloak
rCorr    .         Harm     .   E - +0 pair of gloves
MR       .....                  (boots unavailable)
Stlth    +.........             (no amulet)
HPRegen  0.24/turn              J - ring of protection from fire
MPRegen  0.13/turn              g - +4 ring of protection

@: sanguine armour
A: talons 3, cold resistance 1, powered by pain 1, sanguine armour 1
a: Berserk, Trog's Hand, Renounce Religion


You were on level 9 of the Dungeon.
You worshipped Trog.
Trog was most pleased with you.
You were near starving.

You visited 2 branches of the dungeon, and saw 10 of its levels.

You collected 463 gold pieces.
You spent 52 gold pieces at shops.

Inventory:

Hand Weapons
 a - a +1 war axe (weapon)
Missiles
 t - 13 boomerangs (quivered)
 F - 2 throwing nets
Armour
 c - a +2 kite shield (worn)
 d - the +4 ring mail of Hehodil (worn) {rF- rC+ rN+ Int+3}
   (You found it on level 4 of the Dungeon)

   It affects your intelligence (+3).
   It makes you vulnerable to fire.
   It protects you from cold.
   It protects you from negative energy.
 l - a +0 cloak (worn)
 E - a +0 pair of gloves (worn)
Jewellery
 e - an uncursed ring of fire
 g - a +4 ring of protection (right hand)
 q - an uncursed ring of see invisible
 D - a +4 ring of evasion
 J - a ring of protection from fire (left hand)
 K - a +4 ring of protection
Wands
 b - a wand of paralysis (10)
 n - a wand of random effects (15)
 v - a wand of digging (3)
 w - a wand of acid (2)
 G - a wand of enslavement (4)
 I - a wand of flame (9)
Scrolls
 i - 2 scrolls of fog
 m - a scroll of blinking
 u - a scroll of fear
 y - 2 scrolls of magic mapping
 z - 3 scrolls of teleportation
Potions
 h - 2 potions of resistance
 j - 3 potions of invisibility
 o - 4 potions of flight
 p - a potion of cancellation
 r - a potion of might
 s - a potion of curing
 x - 4 potions of stabbing
 A - a potion of berserk rage
 B - a potion of mutation
 C - 2 potions of ambrosia
 H - a potion of brilliance
Comestibles
 f - 17 rations
 k - 6 chunks of flesh


   Skills:
 + Level 7.7 Fighting
 + Level 10.4 Axes
 + Level 4.1 Throwing
 + Level 5.3 Armour
 + Level 4.5 Dodging
 + Level 2.2 Stealth
 + Level 7.0 Shields
 + Level 1.5 Evocations


You had 10 spell levels left.
You didn't know any spells.
Your spell library was empty.

Dungeon Overview and Level Annotations

Branches:
Dungeon (9/15)             Temple (1/1) D:5            Lair (0/6) D:8
    Orc: D:9-12

Altars:
Dithmenos
Elyvilon
Fedhas
Hepliaklqana
Makhleb
Nemelex Xobeh
Ru
Sif Muna
Trog
Uskayaw
Vehumet
Wu Jian
Xom
Yredelemnul

Shops:
D:9 *

Annotations:
D:9 2 transporters, Clowwww's ghost, novice DsFi


Innate Abilities, Weirdness & Mutations

You have claws for feet.
Your flesh is cold resistant. (rC+)
You sometimes gain a little power by taking damage.
When seriously injured, your bleeding wounds create armour. (AC +6)


Message History

You closely miss the orc warrior.
The orc warrior is lightly wounded.
You closely miss the orc warrior.
The orc warrior is lightly wounded.
The orc warrior closely misses you.
You closely miss the orc warrior. Your kick misses the orc warrior.
The orc warrior is lightly wounded.
You barely miss the orc. You block the orc warrior's attack.
The orc hits you but does no damage.
You closely miss the orc warrior.
The orc warrior is lightly wounded.
You slash the orc!
You kill the orc!
Trog accepts your kill. The orc warrior closely misses you.
You closely miss the orc warrior.
You claw the orc warrior, but do no damage.
The orc warrior is lightly wounded.
The orc warrior hits you with a +0 flail!
You die...

#########################
.......)@................
.......o################.
######..# #. #..# #. #..#
#. #..# #. #..# #. #..#
#.
#####..################.


You could see an orc warrior.

Vanquished Creatures
  2 two-headed ogres (D:8)
  Pikel (D:7)
  Maggie (D:8)
  A troll (D:9)
  A hornet (D:9)
  A hippogriff (D:9)
  The ghost of feorh the Cudgeler, an amateur VSFi (D:4)
  8 yaks (D:9)
  Eustachio (D:5)
  Menkaure (D:6)
  5 porcupines (D:8)
  3 ice beasts
  2 orc warriors
  A sky beast (D:7)
  8 ogres
  2 phantoms
  4 centaurs
  2 crocodiles
  10 bullfrogs
  A big kobold (D:8)
  A wyvern skeleton (D:6)
  6 scorpions
  6 wights
  10 howler monkeys
  2 bullfrog zombies
  3 crimson imps
  2 jellies
  A quasit (D:8)
  3 hounds
  6 orc priests
  7 orc wizards
  2 iguanas
  3 worker ants
  A killer bee zombie (D:8)
  A hound skeleton (D:8)
  2 hound zombies
  2 worker ant zombies
  4 gnolls (D:7)
  12 adders
  An ooze (D:1)
  2 adder skeletons
  3 worms
  2 dart slugs
  2 leopard geckos
  23 orcs
  4 giant cockroaches
  2 goblins
  8 hobgoblins
  20 jackals
  8 quokkas
  A ball python (D:2)
  3 bats
  7 frilled lizards
  A jackal skeleton (D:5)
  14 kobolds
  2 quokka skeletons
  A quokka zombie (D:5)
  7 rats
  A spectral orc (D:8)
242 creatures vanquished.

Vanquished Creatures (others)
  34 fungi (D:8)
  13 plants (D:8)
47 creatures vanquished.

Grand Total: 289 creatures vanquished

Notes
Turn   | Place    | Note
-------+----------+-------------------------------------------
     0 | D:1      | Clowwww the Demonspawn Fighter began the quest for the Orb.
     0 | D:1      | Reached XP level 1. HP: 18/18 MP: 1/1
   115 | D:1      | Gained mutation: You have sharp toenails. [demonic
                  | ancestry]
   115 | D:1      | Reached XP level 2. HP: 8/24 MP: 2/2
   686 | D:1      | Reached skill level 2 in Axes
  1223 | D:2      | Gained mutation: You sometimes gain a little power by
                  | taking damage. [demonic ancestry]
  1223 | D:2      | Reached XP level 3. HP: 26/29 MP: 3/3
  1600 | D:2      | Found a faded altar of an unknown god.
  1659 | D:2      | Gained mutation: You have razor-sharp toenails. [demonic
                  | ancestry]
  1659 | D:2      | Reached XP level 4. HP: 35/35 MP: 4/4
  2022 | D:3      | Found a sparkling altar of Nemelex Xobeh.
  2148 | D:3      | Found a sacrificial altar of Ru.
  2150 | D:3      | Found a burning altar of Makhleb.
  2376 | D:3      | Reached skill level 3 in Axes
  2376 | D:3      | Reached skill level 1 in Dodging
  2376 | D:3      | Gained mutation: Your flesh is cold resistant. (rC+)
                  | [demonic ancestry]
  2376 | D:3      | Reached XP level 5. HP: 31/41 MP: 5/5
  3031 | D:4      | Noticed a phantom
  3044 | D:4      | Found a transporter.
  3280 | D:4      | Reached XP level 6. HP: 24/48 MP: 6/6
  3453 | D:4      | Found a transporter.
  3453 | D:4      | Noticed feorh's ghost (amateur VSFi)
  3510 | D:4      | Got a scorched ring mail
  3521 | D:4      | Identified the +4 ring mail of Hehodil {rF- rC+ rN+ Int+3}
                  | (You found it on level 4 of the Dungeon)
  3546 | D:4      | Reached skill level 4 in Axes
  3813 | D:4      | Killed feorh's ghost
  3813 | D:4      | Reached XP level 7. HP: 54/54 MP: 7/7
  3836 | D:4      | Reached skill level 1 in Throwing
  3888 | D:5      | Entered Level 5 of the Dungeon
  4111 | D:5      | Reached skill level 5 in Axes
  4111 | D:5      | Gained mutation: When seriously injured, your bleeding
                  | wounds create armour. (AC +6) [demonic ancestry]
  4111 | D:5      | Reached XP level 8. HP: 61/61 MP: 8/8
  4113 | D:5      | Noticed Eustachio
  4167 | D:5      | Killed Eustachio
  4167 | D:5      | Reached skill level 5 in Fighting
  4191 | D:5      | Reached skill level 1 in Evocations
  4216 | D:5      | Reached skill level 5 in Shields
  4764 | D:5      | Found a staircase to the Ecumenical Temple.
  4773 | Temple   | Entered the Ecumenical Temple
  4798 | Temple   | Became a worshipper of Trog the Wrathful
  4883 | D:6      | Reached skill level 6 in Axes
  4894 | D:6      | Noticed Menkaure
  4970 | D:6      | Killed Menkaure
  4980 | D:6      | Reached XP level 9. HP: 45/68 MP: 10/10
  5485 | D:6      | Reached skill level 7 in Axes
  6164 | D:7      | Reached * piety under Trog
  6505 | D:7      | Noticed Pikel
  6522 | D:7      | Killed Pikel
  6522 | D:7      | Reached skill level 8 in Axes
  6807 | D:8      | Reached skill level 1 in Stealth
  6945 | D:8      | Reached skill level 5 in Armour
  6945 | D:8      | Reached XP level 10. HP: 66/76 MP: 11/11
  7116 | D:8      | Noticed a two-headed ogre
  7124 | D:8      | Killed a two-headed ogre
  7124 | D:8      | Reached skill level 9 in Axes
  7136 | D:8      | Noticed Maggie
  7150 | D:8      | Killed Maggie
  7150 | D:8      | Reached ** piety under Trog
  7420 | D:8      | Found a staircase to the Lair.
  7604 | D:8      | Noticed a two-headed ogre
  7612 | D:8      | Killed a two-headed ogre
  7730 | D:8      | Found a shadowy altar of Dithmenos.
  7935 | D:8      | Found a basalt altar of Yredelemnul.
  8188 | D:9      | Found a white marble altar of Elyvilon.
  8210 | D:9      | Noticed a two-headed ogre
  8210 | D:9      | Noticed a two-headed ogre
  8210 | D:9      | Noticed a cyclops
  8212 | D:9      | Noticed Clowwww's ghost (novice DsFi)
  8212 | D:9      | Noticed a moth of wrath
  8215 | D:9      | Found a bloodstained altar of Trog.
  8215 | D:9      | Found a transporter.
  8245 | D:9      | Found a transporter.
  8314 | D:9      | Reached skill level 10 in Axes
  8358 | D:9      | Found Nowop's Assorted Antiques.
  8363 | D:9      | Bought a scroll of identify for 52 gold pieces
  8490 | D:9      | Gained mutation: You have claws for feet. [demonic
                  | ancestry]
  8490 | D:9      | Reached XP level 11. HP: 74/84 MP: 12/12
  8492 | D:9      | Reached *** piety under Trog
  8673 | D:9      | Slain by an orc warrior

Illustrated notes

Levels and vault maps discovered:
D:1:      erik_arrival_cave_to_civilisation [erik_arrival_cave_to_hall],
          layout_basic, hangedman_decor_diamond_cutter, corner_web_ring
D:2:      minmay_wonky_spiral, layout_basic, chequers_ecumenical_altar_twisty,
          kennysheep_generic_room_5
D:3:      layout_loops_cross, nicolae_overflow_hidden_temple
D:4:      layout_loops_ring, gammafunk_ghost_mausoleum
D:5:      layout_rooms, lemuel_temple_firewalk_a, first_ration,
          minmay_pentangle, uniq_eustachio
D:6:      layout_loops_ring, uniq_menkaure
D:7:      layout_loops_ring, uniq_pikel
D:8:      layout_loops_ring, nicolae_overflow_crystal_walls,
          yredelemnul_forgotten_temple_becter, due_lair_maze_entry_diamond,
          serial_glass, glass_columns_b, glass_columns_a,
          minmay_misc_feat_roman, minivault_10, uniq_maggie
D:9:      layout_long_grid, overflow_temple_1_default, serial_shops, shop,
          gammafunk_ghost_wrathful_warriors
Temple:   regret_index_temple_sphere_string

Skill      XL: |  1  2  3  4  5  6  7  8  9 10 11 |
---------------+----------------------------------+-----
Armour         | 3 4 5 |  5.3
Axes           | 2 3 4 5 6 8 10 | 10.4
Shields        | 3 4 5 6 7 |  7.0
Dodging        | 1 2 3 4 |  4.5
Fighting       | 4 5 6 7 |  7.7
Throwing       | 1 2 3 4 |  4.1
Evocations     | 1 |  1.5
Stealth        | 1 2 |  2.2

Action                   |  1- 3 |  4- 6 |  7- 9 | 10-12 || total
-------------------------+-------+-------+-------+-------++-------
Melee: War axe           |   113 |   140 |   329 |   242 ||   824
       Kick              |    17 |    37 |    91 |    76 ||   221
Throw: Boomerang         |       |    11 |    64 |    45 ||   120
Invok: Berserk           |       |       |       |     2 ||     2
Evoke: Wand              |       |     2 |     2 |     4 ||     8
  Use: Potion            |       |     1 |     1 |     6 ||     8
       Scroll            |       |     5 |    15 |     7 ||    27
 Stab: Invisible         |       |       |       |     3 ||     3
  Eat: Chunk             |     3 |     6 |     8 |     6 ||    23
       Ration            |       |       |     1 |       ||     1
Armor: Scale mail        |    59 |    67 |       |       ||   126
       Ring mail         |       |     1 |   152 |    68 ||   221
Dodge: Dodged            |    26 |    50 |   138 |    99 ||   313
Block: Kite shield       |    59 |    80 |   173 |   146 ||   458
